 Dungeon Crawl Stone Soup version 0.30.0-30-g96aa6591b8 (webtiles) character file.

Game seed: 1780594394164488152

1733 AgateBread the Firebug (level 9, -5/74 HPs)
             Began as a Hill Orc Fire Elementalist on July 1, 2023.
             Killed from afar by Maggie (21 damage)
             ... with a bolt of fire
             ... on level 6 of the Dungeon.
             The game lasted 01:01:57 (10093 turns).

AgateBread the Firebug (HOFE)                      Turns: 10093, Time: 01:01:58

Health: -5/74      AC:  7    Str: 14    XL:     9   Next: 5%
Magic:  2/11       EV: 11    Int: 17    God:
Gold:   288        SH:  5    Dex: 13    Spells: 2/11 levels left

rFire   . . .        N - +0 falchion
rCold   . . .        (no shield)
rNeg    . . .        m - +0 leather armour
rPois   .            S - +0 helmet
rElec   .            g - +0 cloak
rCorr   +            q - +0 pair of gloves
SInv    .            (no boots)
Will    .....        C - amulet of reflection
Stlth   ++           l - ring of wizardry
HPRegen 0.32/turn    e - ring "Henipicwae" {*Slow rCorr Str+3 Stlth+}
MPRegen 0.12/turn

%: slow self (1%), reflection, wizardry (x1)
@: silenced, hasted, very quick
A: no striking features
a: no special abilities


You were on level 6 of the Dungeon.
You visited 1 branch of the dungeon, and saw 6 of its levels.

You collected 288 gold pieces.

Inventory:

Hand Weapons
 a - a +2 heavy trident
 n - a +0 quarterstaff
 p - a +0 short sword
 v - a +0 trident
 K - a +0 great sword
 N - a +0 falchion (weapon)
Missiles
 i - 11 poisoned darts
 u - 6 boomerangs
Armour
 c - a +0 scale mail
 g - a +0 cloak (worn)
 m - a +0 leather armour (worn)
 o - a +0 ring mail
 q - a +0 pair of gloves (worn)
 y - a +0 kite shield
 P - a +0 chain mail
 R - a +0 hat
 S - a +0 helmet (worn)
Jewellery
 e - the ring "Henipicwae" (right hand) {*Slow rCorr Str+3 Stlth+}
   (You found it on level 5 of the Dungeon)

   [ring of resist corrosion]

   Str:       It affects your strength (+3).
   rCorr:     It protects you from acid and corrosion.
   *Slow:     It may slow you when you take damage.
   Stlth:     It makes you more stealthy.
 l - a ring of wizardry (left hand)
 C - an amulet of reflection (around neck)
Wands
 M - a wand of charming (3) (quivered)
Scrolls
 d - 2 scrolls of magic mapping
 f - 2 scrolls of poison
 h - a scroll of vulnerability {unknown}
 t - a scroll of blinking {unknown}
 w - a scroll of fog {unknown}
 A - a scroll of butterflies {unknown}
 D - a scroll of fear
 E - a scroll of teleportation
 J - a scroll of amnesia {unknown}
 L - 2 scrolls of noise {unknown}
 Q - a scroll of immolation {unknown}
Potions
 b - a potion of invisibility {unknown}
 k - 2 potions of mutation
 r - a potion of curing
 s - 2 potions of cancellation
 x - a potion of lignification {unknown}
 z - 2 potions of flight
 B - 2 potions of attraction
 G - a potion of degeneration {unknown}
 H - a potion of haste
 O - a potion of brilliance {unknown}


   Skills:
 - Level 5.4 Fighting
 + Level 4.6 Long Blades
 + Level 6.9 Armour
 - Level 1.5 Dodging
 - Level 1.5 Stealth
 - Level 1.5 Spellcasting
 - Level 1.0 Conjurations
 + Level 7.9 Fire Magic


You had 2 spell levels left.
You knew the following spells:

 Your Spells              Type           Power      Damage    Failure   Level
a - Foxfire               Conj/Fire      64%        2x1d7     1%          1
b - Scorch                Fire           56%        2d7       1%          2
c - Poisonous Vapours     Pois/Air       2%         N/A       16%         2
d - Flame Wave            Conj/Fire      16%        2d7       16%         4

Your spell library contained the following spells:

 Spells                   Type           Power      Damage    Failure   Level
 Kiss of Death            Conj/Necr      12%        2d6       9%          1
 Inner Flame              Hex/Fire       14%        N/A       6%          3
 Volatile Blastmotes      Fire/Tloc      28%        2d12      6%          3
 Sticky Flame             Conj/Fire      16%        2d4       16%         4
 Mephitic Cloud           Conj/Pois/Air  2%         N/A       26%         3
 Confusing Touch          Hex            1%         N/A       28%         3
 Dispel Undead            Necr           1%         3d6       65%         4
 Freezing Cloud           Conj/Ice/Air   1%         6-21      90%         5


Dungeon Overview and Level Annotations

Branches:
Dungeon (6/15)
 Temple: D:4-7

Altars:
Wu Jian
Zin

Shops:
D:2 :

Annotations:
D:6 Maggie


Message History

The boomerang of dispersal hits Maggie and shatters for extra damage.
Maggie blinks!
Maggie is heavily wounded.
Throw: 2 boomerangs (disperse)
Press: ? - help, Q - select action, (/) - cycle Shift-Dir - straight line, f/p - Maggie
Aim: Maggie, wielding a +1 broad axe of flaming and wearing +0 swamp dragon scales (silenced, heavily wounded, more vulnerable to fire, 63% to hit)
You throw a boomerang of dispersal.
The boomerang of dispersal hits Maggie and shatters, but does no damage.
Maggie is heavily wounded.
Throw: boomerang (disperse)
Press: ? - help, Q - select action, (/) - cycle Shift-Dir - straight line, f/p - Maggie
Aim: Maggie, wielding a +1 broad axe of flaming and wearing +0 swamp dragon scales (silenced, heavily wounded, more vulnerable to fire, 63% to hit)
You throw a boomerang of dispersal.
The boomerang of dispersal hits Maggie and shatters for extra damage.
Maggie blinks!
Maggie is heavily wounded.
Maggie gestures wildly while chanting.
Found a scroll of poison.
Throw: 12 darts (poison)
Press: ? - help, Q - select action, (/) - cycle Shift-Dir - straight line, f/p - Maggie
Aim: Maggie, wielding a +1 broad axe of flaming and wearing +0 swamp dragon scales (silenced, heavily wounded, more vulnerable to fire, 63% to hit)
You throw a poisoned dart.
The poisoned dart closely misses Maggie.
Throw: 6 boomerangs
Press: ? - help, Q - select action, (/) - cycle Shift-Dir - straight line, f/p - Maggie
Aim: Maggie, wielding a +1 broad axe of flaming and wearing +0 swamp dragon scales (silenced, heavily wounded, more vulnerable to fire, 63% to hit)
You throw a boomerang. The boomerang hits Maggie.
Maggie is heavily wounded.
Maggie is no longer more vulnerable to fire.
Throw: 6 boomerangs
Press: ? - help, Q - select action, (/) - cycle Shift-Dir - straight line, f/p - Maggie
Aim: Maggie, wielding a +1 broad axe of flaming and wearing +0 swamp dragon scales (silenced, heavily wounded, 63% to hit)
You throw a boomerang.
The boomerang hits Maggie but does no damage.
Maggie is heavily wounded.
Okay, then.
Maggie gestures wildly while chanting.
Maggie points at you and mumbles some strange words.
The bolt of fire hits you!!
You die...

#....#........... #.#......#
#....#...........##.#......#.
#.................#.#........
#............ ..#..........#
#.......# #.# #.#..........#
#.......###.# #.#..........#.#
##...........# #.#.#.#.##......
?.........#@...###.#...#.....#..#
................@...#..#.........
..........#....###..##.......#...
(......?.........#..##.#...#.....
..........#......#..##...........
###.......###....#..#####.......#
######... #....#..#####...##..#
#..$.#....#......#....#..# ..
#....#....#......#.......# ...
#....######......#...#...#


You could see Maggie.

Vanquished Creatures
  Sigmund (D:3)
  Eustachio (D:4)
  A steam dragon (D:6)
  A sky beast (D:6)
  4 ogres
  A phantom (D:4)
  Blork the orc (D:4)
  A kobold brigand (D:6)
  4 scorpions
  2 hounds
  2 iguanas
  2 sleepcaps (D:5)
  An orc wizard (D:4)
  7 gnolls
  7 adders
  A shadow imp (D:5)
  2 ufetubi (D:4)
  A worm (D:3)
  4 dart slugs
  5 orcs
  7 ball pythons
  7 endoplasms
  A giant cockroach (D:4)
  5 goblins
  11 hobgoblins
  3 jackals (D:5)
  9 kobolds
  6 quokkas
  5 bats
  A frilled lizard (D:1)
  4 rats
108 creatures vanquished.

Vanquished Creatures (others)
  A quokka (D:5)
  52 foxfires
53 creatures vanquished.

Grand Total: 161 creatures vanquished

Notes
Turn   | Place    | Note
-------+----------+-------------------------------------------
     0 | D:1      | AgateBread the Hill Orc Fire Elementalist began the quest
                  | for the Orb.
     0 | D:1      | Reached XP level 1. HP: 14/14 MP: 3/3
   477 | D:1      | Reached skill level 1 in Fighting
   477 | D:1      | Reached XP level 2. HP: 23/23 MP: 2/4
   494 | D:1      | Reached skill level 1 in Armour
   894 | D:1      | Learned a level 2 spell: Scorch
  1280 | D:1      | Reached XP level 3. HP: 28/28 MP: 2/5
  1772 | D:2      | Found Oqyn's Vocational Training.
  1991 | D:2      | Learned a level 2 spell: Poisonous Vapours
  2031 | D:2      | Reached skill level 4 in Fire Magic
  2064 | D:2      | Reached XP level 4. HP: 29/36 MP: 2/6
  2404 | D:2      | Found an ornate altar of the Wu Jian Council.
  3181 | D:3      | Noticed Sigmund
  3208 | D:3      | Killed Sigmund
  3209 | D:3      | Reached skill level 5 in Fire Magic
  3209 | D:3      | Reached XP level 5. HP: 24/46 MP: 0/7
  3209 | D:3      | Reached XP level 6. HP: 27/52 MP: 0/8
  4523 | D:4      | Found a glowing silver altar of Zin.
  4652 | D:4      | Noticed Eustachio
  5030 | D:4      | Noticed Blork the orc
  5042 | D:4      | Killed Blork the orc
  5043 | D:4      | Reached XP level 7. HP: 48/60 MP: 1/9
  5604 | D:4      | Reached skill level 5 in Fighting
  5757 | D:4      | Killed Eustachio
  5758 | D:4      | Reached skill level 5 in Armour
  5758 | D:4      | Reached skill level 6 in Fire Magic
  6037 | D:4      | Learned a level 4 spell: Flame Wave
  6320 | D:5      | Entered Level 5 of the Dungeon
  6493 | D:5      | Reached skill level 1 in Long Blades
  6910 | D:5      | Identified the ring "Henipicwae" {*Slow rCorr Str+3 Stlth+}
  7172 | D:4      | Reached XP level 8. HP: 69/69 MP: 3/10
  8405 | D:5      | Reached skill level 7 in Fire Magic
  9503 | D:6      | Noticed Maggie
  9988 | D:6      | Reached XP level 9. HP: 74/74 MP: 0/11
 10093 | D:6      | Killed from afar by Maggie

Illustrated notes

Levels and vault maps discovered:
D:1:      dpeg_arrival_castle, layout_basic
D:2:      layout_loops_ring, basic_altar, chequers_serial_rivers_small_3,
          nicolae_shop_vocational
D:3:      layout_loops_cross, uniq_sigmund
D:4:      layout_loops_ring, mainiacjoe_overflow_concentric_impassable,
          minmay_misc_feat_chi, dreamdust_gnoll_farm, uniq_blork_the_orc,
          uniq_eustachio
D:5:      layout_loops_cross
D:6:      layout_basic, grunt_temple_overflow_opulence,
          minmay_temple_entry_fiery, nicolae_nh_ransacked_shop, uniq_edmund,
          uniq_prince_ribbit1, uniq_maggie

Skill      XL: |  1  2  3  4  5  6  7  8 |
---------------+-------------------------+-----
Fighting       | 1 2 3 4 5 |  5.4
Armour         | 1 2 3 4 5 6 |  6.9
Fire Magic     | 4 5 6 7 |  7.9
Long Blades    | 1 4 |  4.6
Dodging        | |  1.5
Stealth        | |  1.5
Spellcasting   | |  1.5
Conjurations   | |  1.0

Action                     |  1- 3 |  4- 6 |  7- 9 || total
---------------------------+-------+-------+-------++-------
  Melee: Dagger            |    24 |       |       ||    24
         Short sword       |    16 |    38 |     2 ||    56
         Punch             |       |     1 |     1 ||     2
         Great sword       |       |       |    20 ||    20
         Falchion          |       |       |    19 ||    19
  Throw: Boomerang         |       |     2 |    17 ||    19
         Throwing net      |       |     1 |       ||     1
         Dart              |       |       |    10 ||    10
   Cast: Foxfire           |    17 |     8 |     7 ||    32
         Scorch            |    15 |    37 |    57 ||   109
         Poisonous Vapours |       |    11 |    35 ||    46
  Evoke: Wand              |       |       |     4 ||     4
    Use: Scroll            |       |     4 |     9 ||    13
         Potion            |       |     3 |     5 ||     8
   Stab: Sleeping          |       |       |     2 ||     2
 Armour: Robe              |     6 |    13 |     1 ||    20
         Leather armour    |       |       |    28 ||    28
  Dodge: Dodged            |    24 |    43 |    72 ||   139
  Block: Other             |       |    25 |    23 ||    48
         Reflection        |       |       |     4 ||     4
